 Dungeon Crawl Stone Soup version 0.32-a0-540-g866d131 (webtiles) character file.

Game seed: 18432113651058084045

82889 edsrzf the Basher (level 15, 0/122 HPs)
             Began as a Coglin Gladiator on Feb 25, 2024.
             Was the Champion of Cheibriados.
             Slain by a two-headed ogre
             ... wielding a +0 dire flail
              (10 damage)
             ... on level 2 of the Orcish Mines on Feb 28, 2024.
             The game lasted 00:40:32 (20461 turns).

edsrzf the Basher (Coglin Gladiator)               Turns: 20461, Time: 00:40:33

Health: 0/122      AC: 31    Str: 33    XL:     15   Next: 75%
Magic:  9/24       EV: 12    Int: 27    God:    Cheibriados [******]
Gold:   1308       SH:  0    Dex: 30    Spells: 23/26 levels left

rFire   + . .        a - +6 flail (protect) {Nakurtum}
rCold   + . .        b - +2 flail (freeze) {Kateb}
rNeg    . . .        P - +18 Lear's hauberk
rPois   .            (helmet currently unavailable)
rElec   .            j - +0 cloak
rCorr   .            (gloves currently unavailable)
SInv    .            (boots currently unavailable)
Will    +....        (no amulet) Stlth
                     (ring unavailable)
HPRegen 0.40/turn    (ring unavailable)
MPRegen 0.19/turn

%: no passive effects
@: revving, very slow
A: cold resistance 1, fire resistance 1, off-hand wielding, slow wielding,
warmup strikes, no rings
a: Renounce Religion, Bend Time, Temporal Distortion, Slouch, Step From Time


You were on level 2 of the Orcish Mines.
You worshipped Cheibriados.
Cheibriados was exalted by your worship.
You visited 4 branches of the dungeon, and saw 21 of its levels.

You collected 1357 gold pieces.
You spent 49 gold pieces at shops.

Inventory:

Hand Weapons
 a - a +6 flail of protection (weapon) {Nakurtum}
 b - a +2 flail of freezing (offhand) {Kateb}
Missiles
 d - 3 throwing nets {=f}
 e - 4 javelins
 g - 38 poisoned darts (quivered)
 D - a curare-tipped dart
 K - 3 silver javelins
Armour
 c - a +2 helmet
 i - a +0 pair of gloves
 j - a +0 cloak (worn)
 q - a +0 pair of boots
 F - the +5 plate armour of Valiance {rPois Stlth+}
   (You found it on level 11 of the Dungeon)

   rPois:     It protects you from poison Stlth+: It makes you more stealthy.
 P - the +18 Lear's hauberk (worn)
   (You found it on level 12 of the Dungeon)
Jewellery
 I - an amulet of magic regeneration
Wands
 u - a wand of mindburst (5)
 w - a wand of paralysis (11)
 B - a wand of flame (57)
 J - a wand of acid (6)
 R - a wand of roots (3)
Scrolls
 h - a scroll of teleportation {@r3}
 k - 2 scrolls of silence
 o - a scroll of enchant weapon
 r - a scroll of enchant armour
 x - 6 scrolls of identify {@r1}
 y - a scroll of vulnerability
 L - 3 scrolls of immolation
 N - a scroll of fog
 O - a scroll of brand weapon
 Q - a scroll of torment {!r}
 S - a scroll of revelation
Potions
 f - 5 potions of curing
 m - a potion of cancellation
 n - 2 potions of magic
 p - 3 potions of resistance
 s - 2 potions of attraction
 t - a potion of might
 v - 4 potions of invisibility
 z - 2 potions of heal wounds
 A - 3 potions of mutation {!q}
 C - 2 potions of berserk rage {!q}
 E - 4 potions of brilliance
Miscellaneous
 G - a tin of tremorstones (2/2)
 M - a phial of floods


   Skills:
 + Level 12.4 Fighting
 - Level 14.4 Maces & Flails
 - Level 12.0 Throwing
 - Level 12.0 Armour
 + Level 2.9 Dodging
 - Level 6.0 Spellcasting
 - Level 6.0 Necromancy
 - Level 6.0 Invocations


You had 23 spell levels left.
You knew the following spells:

 Your Spells              Type           Power      Damage    Failure   Level
v - Vampiric Draining     Necr           40%        2d8       4%          3

Your spell library contained the following spells:

 Spells                   Type           Power      Damage    Failure   Level
 Cigotuvi's Dreadful Rot  Necr/Alch/Air  38%        N/A       12%         2
 Dispel Undead            Necr           40%        3d16      16%         4
 Apportation              Tloc           16%        N/A       19%         1
 Slow                     Hex            32%        N/A       19%         1
 Ensorcelled Hibernation  Hex/Ice        16%        N/A       26%         2
 Jinxbite                 Hex            16%        N/A       26%         2
 Lesser Beckoning         Tloc           16%        N/A       26%         2
 Scorch                   Fire           16%        2d5       26%         2
 Martyr's Knell           Necr/Summ      24%        N/A       45%         4
 Confusing Touch          Hex            8%         N/A       47%         3
 Gell's Gravitas          Tloc           8%         N/A       47%         3
 Passwall                 Erth           8%         N/A       47%         3
 Sigil of Binding         Hex            8%         N/A       47%         3
 Swiftness                Air            8%         N/A       47%         3
 Teleport Other           Tloc           8%         N/A       47%         3
 Animate Armour           Summ/Erth      16%        N/A       87%         4
 Flame Wave               Conj/Fire      8%         2d5       87%         4
 Ignite Poison            Fire/Alch      8%         N/A       87%         4
 Sticky Flame             Fire/Alch      8%         2d4       87%         4
 Summon Lightning Spire   Summ/Air       8%         N/A       87%         4
 Vhi's Electric Charge    Tloc/Air       16%        N/A       87%         4
 Death Channel            Necr           20%        N/A       93%         6
 Alistair's Intoxication  Alch           5%         N/A       99%         5
 Arcjolt                  Conj/Air       4%         1d14      99%         5
 Freezing Cloud           Conj/Ice/Air   4%         6-21      99%         5
 Iskenderun's Battlesphe  Conj           8%         2d6       99%         5
 Lee's Rapid Deconstruct  Erth           4%         3d5*      99%         5
 Bombard                  Conj/Erth      4%         9d2       100%        6
 Summon Cactus Giant      Summ           4%         N/A       100%        6
 Haunt                    Necr/Summ      12%        N/A       100%        7
 Spellforged Servitor     Conj/Summ      4%         N/A       100%        7
 Borgnjor's Revivificati  Necr           20%        N/A       100%        8
 Ignition                 Fire           4%         3d4       100%        8
 Maxwell's Capacitive Co  Air            4%         ∞         100%        8
 Death's Door             Necr           20%        N/A       100%        9


Dungeon Overview and Level Annotations

Branches:
Dungeon (13/15)            Temple (1/1) D:5            Lair (5/5) D:9
 Shoals (0/4) Lair:2        Snake (0/4) Lair:3        Slime (0/5) Lair:5
    Orc (2/2) D:12
    Elf: Orc:2       Vaults: D:13-14

Altars:
Ashenzari
Cheibriados
Dithmenos
Elyvilon
Fedhas
Gozag
Hepliaklqana
Kikubaaqudgha
Makhleb
Nemelex Xobeh
Okawaru
Qazlal
Ru
Sif Muna
Trog
Uskayaw
Vehumet
Wu Jian
Xom
Yredelemnul
Zin
The Shining One
Beogh

Shops:
D:7 ?   D:8 *

Annotations:
D:11 3 runed translucent doors, Nily's ghost, journeyman GrFi


Innate Abilities, Weirdness & Mutations

Your flesh is cold resistant. (rC+)
Your flesh is heat resistant. (rF+)
You can wield a second weapon in your off-hand.
It takes a long time for you to wield or remove held weapons.
Your first few attacks do less damage.
Your grasper-arms cannot wear rings.


Message History

You bludgeon the two-headed ogre with your +6 flail of protection!!
The two-headed ogre is heavily wounded.
You hit the two-headed ogre with your +2 flail of freezing.
You freeze the two-headed ogre.
The two-headed ogre hits you with a +0 giant club!
The two-headed ogre hits you with a +0 giant spiked club!
* * * LOW HITPOINT WARNING * * *
You hit the two-headed ogre with your +2 flail of freezing.
You freeze the two-headed ogre.
The two-headed ogre is severely wounded.
You completely miss the two-headed ogre with your +6 flail of protection.
The two-headed ogre hits you but does no damage.
The two-headed ogre hits you with a +0 giant club.
* * * LOW HITPOINT WARNING * * *
You feel much better.
The two-headed ogre hits you with a +0 giant club!
The two-headed ogre barely misses you.
The two-headed ogre hits you with a +0 giant spiked club!!
* * * LOW HITPOINT WARNING * * *
The two-headed ogre closely misses you. The ogre misses you.
Okay, then.
You feel much better.
You hear some strange, mumbled words.
The ogre seems to speed up.
The two-headed ogre hits you with a +0 giant spiked club!
The two-headed ogre completely misses you.
The two-headed ogre closely misses you.
The two-headed ogre hits you but does no damage.
The ogre hits you but does no damage.
You sock the two-headed ogre with your +6 flail of protection!
The two-headed ogre is severely wounded.
You hit the two-headed ogre with your +2 flail of freezing.
You freeze the two-headed ogre.
Okay, then.
Unknown command.
Unknown command.
Casting: Vampiric Draining (mildly dangerous; 4% risk of failure)
Confirm with . or Enter, or press ? or * to list all spells.
Aiming: Vampiric Draining (mildly dangerous; 4% risk of failure)
Press: ? - help, Shift-Dir - straight line, f - two-headed ogre
Aim: a two-headed ogre, wielding a +0 giant club and a +0 giant spiked club (almost dead)
You draw life force from the two-headed ogre.
You feel life coursing into your body.
The two-headed ogre hits you with a +0 giant spiked club!
* * * LOW HITPOINT WARNING * * *
The two-headed ogre closely misses you. The ogre hits you but does no damage.
The two-headed ogre hits you but does no damage.
The two-headed ogre closely misses you.
The two-headed ogre hits you but does no damage.
The two-headed ogre closely misses you.
Casting: Vampiric Draining (mildly dangerous; 4% risk of failure)
Confirm with . or Enter, or press ? or * to list all spells.
Aiming: Vampiric Draining (mildly dangerous; 4% risk of failure)
Press: ? - help, Shift-Dir - straight line, f/p - two-headed ogre
Aim: a two-headed ogre, wielding a +0 giant club and a +0 giant spiked club (almost dead)
You draw life force from the two-headed ogre.
You kill the two-headed ogre!
Cheibriados appreciates the change of pace.
You feel life coursing into your body. The two-headed ogre barely misses you.
The two-headed ogre hits you with a +0 giant club.
* * * LOW HITPOINT WARNING * * *
The two-headed ogre hits you with a +0 dire flail!
* * * LOW HITPOINT WARNING * * *
The two-headed ogre misses you. The ogre hits you but does no damage.
The ogre hits you with a +0 giant club!
* * * LOW HITPOINT WARNING * * *
Okay, then.
Activating: Slouch (10% risk of failure)
Press: ? - help, Dir - look around, f - activate You can feel time thicken for a moment.
You kill the ogre!
Cheibriados appreciates the change of pace.
You kill the ogre!
Cheibriados appreciates the change of pace.
You kill the ogre!
Cheibriados appreciates the change of pace.
The two-headed ogre barely misses you.
The two-headed ogre hits you but does no damage.
Activating: Slouch (11% risk of failure)
Press: ? - help, Dir - look around, f - activate You fail to use your ability.
The two-headed ogre barely misses you. x2
The two-headed ogre closely misses you. The two-headed ogre barely misses you.
The ogre hits you with a +0 giant club.
* * * LOW HITPOINT WARNING * * *
Activating: Slouch (11% risk of failure)
Press: ? - help, Dir - look around, f - activate You can feel time thicken for a moment.
You kill the two-headed ogre!
Cheibriados appreciates the change of pace.
You kill the ogre!
Cheibriados appreciates the change of pace.
You kill the ogre!
Cheibriados appreciates the change of pace.
You kill the ogre!
Cheibriados appreciates the change of pace.
You hear some strange, mumbled words.
The two-headed ogre misses you.
The two-headed ogre hits you with a +0 giant spiked club!
You die...
Cheibriados appreciates the motionlessness of death.

.#........#...)§)O.....
.............))O......#
...............O.######
#......<........####
..............OO...##
....................#
...........#...)...##
...............O#..#.##.
...............)@)......
...............O##.#.##.
...............## #
....... .....#. #######


You could see 2 two-headed ogres and 4 ogres.

Vanquished Creatures
  A dire elephant (Lair:5)
  Snorg (D:11)
  Josephine (Lair:5)
  7 hydras
  4 catoblepae
  An alligator (Lair:3)
  2 ogre magi (Orc:2)
  16 two-headed ogres
  A deep troll shaman (Lair:5)
  2 boulder beetles
  A tengu warrior (D:12)
  8 death yaks
  2 skysharks (Lair:4)
  An orc sorcerer (Orc:1)
  An ugly thing (D:12)
  3 cyclopes
  18 elephants
  2 oklob plants
  A manticore (D:9)
  6 black mambas
  A gargoyle (D:12)
  13 cane toads
  2 torpor snails
  An unseen horror (D:10)
  2 kobold demonologists (D:10)
  18 komodo dragons
  6 rime drakes
  5 trolls
  A merfolk (Lair:2)
  5 polar bears
  18 blink frogs
  20 dream sheep
  8 wraiths
  2 shadows (D:9)
  48 yaks
  4 wyverns
  A warg (D:12)
  2 fire bats (Lair:5)
  A steam dragon (D:7)
  3 basilisks
  12 vampire mosquitoes
  Edmund (D:5)
  3 acid dragons
  3 nagas (Lair:3)
  26 water moccasins
  2 orc warriors
  5 ice beasts
  5 black bears
  17 ogres
  23 wolves
  10 centaurs
  7 phantoms (D:7)
  5 kobold brigands
  13 bullfrogs
  6 scorpions
  A gnoll sergeant (D:10)
  2 wights
  4 killer bees (D:11)
  An electric eel (Lair:2)
  6 howler monkeys
  3 bombardier beetles
  A quasit (D:8)
  3 hounds
  4 centaur zombies (D:7)
  3 jellies
  2 orc priests (D:3)
  3 gnoll boudas
  6 iguanas
  9 sleepcaps
  7 orc wizards
  2 scorpion zombies (D:7)
  6 killer bee zombies (D:7)
  18 gnolls
  4 adders
  9 shadow imps (D:7)
  6 white imps
  4 ufetubi (D:8)
  2 dart slugs
  5 ribbon worms
  34 orcs
  A bat (D:1)
  9 endoplasms
  6 giant cockroaches
  7 hobgoblins
  7 jackals
  19 kobolds
  5 quokkas
  7 ball pythons
  10 frilled lizards
  10 goblins
  7 rats
611 creatures vanquished.

Notes
Turn   | Place    | Note
-------+----------+-------------------------------------------
     0 | D:1      | edsrzf the Coglin Gladiator began the quest for the Orb.
     0 | D:1      | Reached XP level 1. HP: 16/16 MP: 1/1
   157 | D:1      | Reached skill level 3 in Maces & Flails
   245 | D:1      | Reached XP level 2. HP: 22/22 MP: 2/2
   446 | D:1      | Reached XP level 3. HP: 25/27 MP: 3/3
   911 | D:2      | Reached skill level 4 in Maces & Flails
   980 | D:2      | Upgraded the game from 0.32-a0-471-gb91d5d9 to
                  | 0.32-a0-484-g2eb335d
  1118 | D:2      | Reached XP level 4. HP: 24/33 MP: 4/4
  1644 | D:2      | Reached skill level 5 in Maces & Flails
  1660 | D:2      | Identified 2 potions of heal wounds
  1667 | D:2      | Reached XP level 5. HP: 26/38 MP: 5/5
  1670 | D:2      | Identified a potion of might
  1671 | D:2      | Identified a potion of degeneration
  2100 | D:3      | Reached XP level 6. HP: 33/44 MP: 6/6
  2104 | D:3      | Reached skill level 6 in Maces & Flails
  2912 | D:4      | Noticed an ice beast
  3146 | D:4      | Killed an ice beast
  3147 | D:4      | Reached skill level 7 in Maces & Flails
  3147 | D:4      | Reached XP level 7. HP: 37/50 MP: 7/7
  3626 | D:5      | Entered Level 5 of the Dungeon
  3728 | D:5      | Reached skill level 8 in Maces & Flails
  3979 | D:5      | Noticed Edmund
  4007 | D:5      | Killed Edmund
  4008 | D:5      | Reached XP level 8. HP: 35/56 MP: 8/8
  4090 | D:5      | Found a staircase to the Ecumenical Temple.
  4173 | Temple   | Entered the Ecumenical Temple
  4194 | Temple   | Became a worshipper of Cheibriados the Contemplative
  4240 | D:5      | Reached skill level 9 in Maces & Flails
  4386 | D:5      | Found a white marble altar of Elyvilon.
  5184 | D:6      | Reached * piety under Cheibriados
  5185 | D:6      | Reached skill level 10 in Maces & Flails
  5369 | D:6      | Reached XP level 9. HP: 31/61 MP: 9/9
  5423 | D:6      | Reached skill level 11 in Maces & Flails
  5825 | D:7      | Found a sparkling altar of Nemelex Xobeh.
  5836 | D:7      | Found Fiejidgh's Magic Scroll Boutique.
  6111 | D:7      | Reached ** piety under Cheibriados
  6112 | D:7      | Reached skill level 12 in Maces & Flails
  6157 | D:7      | Found a sacrificial altar of Ru.
  6475 | D:7      | Reached XP level 10. HP: 50/67 MP: 10/10
  6549 | D:7      | Reached skill level 13 in Maces & Flails
  6612 | D:7      | Reached *** piety under Cheibriados
  6686 | D:7      | Identified the ring of Desertification {Dex+6 Slay+5}
  7776 | D:8      | Reached **** piety under Cheibriados
  7793 | D:8      | Reached skill level 14 in Maces & Flails
  7991 | D:8      | Found an ornate altar of the Wu Jian Council.
  8117 | D:8      | Found Bajail's Assorted Antiques.
  8195 | D:8      | Found an iron altar of Okawaru.
  8206 | D:8      | Bought a scroll labelled DOMADA HEIRONK for 26 gold pieces
  8206 | D:8      | Bought a red potion for 23 gold pieces
  8439 | D:8      | Reached skill level 1 in Armour
  8540 | D:9      | Reached skill level 3 in Fighting
  8540 | D:9      | Reached skill level 2 in Armour
  8549 | D:9      | Reached XP level 11. HP: 71/76 MP: 11/11
  8570 | D:9      | Upgraded the game from 0.32-a0-484-g2eb335d to
                  | 0.32-a0-485-g70f7560
  8582 | D:9      | Reached ***** piety under Cheibriados
  8583 | D:9      | Reached skill level 4 in Fighting
  8583 | D:9      | Reached skill level 3 in Armour
  8748 | D:9      | Reached skill level 4 in Armour
  8771 | D:9      | Found a staircase to the Lair.
  8776 | D:9      | Reached skill level 5 in Fighting
  8944 | D:9      | Noticed a manticore
  8956 | D:9      | Killed a manticore
  9262 | D:9      | Identified the +6 dagger of Joibudgh {vamp, rN+}
  9437 | D:10     | Entered Level 10 of the Dungeon
  9448 | D:10     | Reached skill level 6 in Fighting
  9448 | D:10     | Reached skill level 5 in Armour
  9487 | D:10     | Identified 3 scrolls of silence
  9507 | D:10     | Identified 3 scrolls of fear
  9508 | D:10     | Identified 5 scrolls of identify
  9508 | D:10     | Identified a potion of cancellation
  9509 | D:10     | Identified a potion of resistance
  9510 | D:10     | Identified a potion of brilliance
  9511 | D:10     | Identified 3 scrolls of noise
  9513 | D:10     | Identified 2 scrolls of enchant armour
  9515 | D:10     | Identified 2 scrolls of teleportation
  9703 | D:10     | Found a stormy altar of Qazlal.
  9952 | D:10     | Identified a scroll of brand weapon
  9953 | D:10     | Identified a scroll of vulnerability
  9961 | D:10     | Reached skill level 7 in Fighting
  9961 | D:10     | Reached skill level 6 in Armour
 10019 | D:10     | Upgraded the game from 0.32-a0-485-g70f7560 to
                  | 0.32-a0-540-g866d131
 10122 | D:10     | Identified the +1 hand axe of Nice Exoneration {heavy, Fly
                  | rC+ Int+2}
 10206 | D:10     | Identified the +1 dagger of Woe {spect, rPois}
 10404 | D:10     | Identified 2 potions of mutation
 10405 | D:10     | Identified 2 potions of attraction
 10406 | D:10     | Identified 2 potions of curing
 10984 | D:11     | Identified 2 potions of invisibility
 10986 | D:11     | Noticed a cyclops
 10993 | D:11     | Killed a cyclops
 11069 | D:11     | Noticed a two-headed ogre
 11077 | D:11     | Killed a two-headed ogre
 11149 | D:11     | Reached XP level 12. HP: 87/92 MP: 12/12
 11156 | D:11     | Reached skill level 8 in Fighting
 11158 | D:11     | Reached skill level 7 in Armour
 11275 | D:11     | Found a runed translucent gate.
 11275 | D:11     | Found a runed translucent gate.
 11275 | D:11     | Found a runed translucent gate.
 11279 | D:11     | Noticed Nily's ghost (journeyman GrFi)
 11379 | D:11     | Noticed Snorg
 11390 | D:11     | Killed Snorg
 11486 | D:11     | Learned a level 3 spell: Vampiric Draining
 11792 | D:11     | Identified the +5 plate armour of Valiance {rPois Stlth+}
 11871 | D:11     | Noticed a boulder beetle
 11884 | D:11     | Killed a boulder beetle
 12171 | D:11     | Found a roughly hewn altar of Beogh.
 12298 | Lair:1   | Entered Level 1 of the Lair of Beasts
 12305 | Lair:1   | Reached skill level 9 in Fighting
 12311 | Lair:1   | Reached skill level 8 in Armour
 12626 | Lair:1   | Reached ****** piety under Cheibriados
 12848 | Lair:1   | Reached skill level 10 in Fighting
 12894 | Lair:1   | Reached skill level 2 in Throwing
 12983 | Lair:1   | Reached skill level 1 in Spellcasting
 13090 | Lair:1   | Reached skill level 3 in Throwing
 13149 | Lair:1   | Reached skill level 4 in Throwing
 13149 | Lair:1   | Reached skill level 2 in Spellcasting
 13508 | Lair:2   | Identified a potion of berserk rage
 13509 | Lair:2   | Identified 2 potions of magic
 13542 | Lair:2   | Identified a potion of haste
 13621 | Lair:2   | Reached skill level 5 in Throwing
 13627 | Lair:2   | Reached skill level 3 in Spellcasting
 13630 | Lair:2   | Gained mutation: Your flesh is cold resistant. (rC+)
                  | [Coglin growth]
 13630 | Lair:2   | Gained mutation: Your flesh is heat resistant. (rF+)
                  | [Coglin growth]
 13630 | Lair:2   | Reached XP level 13. HP: 98/103 MP: 17/17
 13643 | Lair:2   | Reached skill level 6 in Throwing
 13665 | Lair:2   | Found a shimmering blue altar of Sif Muna.
 13834 | Lair:2   | Reached skill level 4 in Spellcasting
 13991 | Lair:2   | Reached skill level 7 in Throwing
 14114 | Lair:2   | Found a staircase to the Shoals.
 14767 | Lair:3   | Reached skill level 8 in Throwing
 14840 | Lair:3   | Reached skill level 5 in Spellcasting
 14865 | Lair:3   | Reached skill level 9 in Throwing
 15399 | Lair:3   | Reached skill level 6 in Spellcasting
 15454 | Lair:3   | Reached skill level 1 in Necromancy
 15461 | Lair:3   | Reached skill level 10 in Throwing
 15539 | Lair:3   | Reached skill level 2 in Necromancy
 15552 | Lair:3   | Reached skill level 3 in Necromancy
 15773 | Lair:3   | Reached skill level 11 in Throwing
 15801 | Lair:3   | Reached skill level 4 in Necromancy
 15894 | Lair:3   | Reached XP level 14. HP: 79/110 MP: 23/23
 16223 | Lair:3   | Found a staircase to the Snake Pit.
 16360 | Lair:4   | Reached skill level 5 in Necromancy
 16607 | Lair:4   | Reached skill level 12 in Throwing
 16771 | Lair:4   | Reached skill level 6 in Necromancy
 16888 | Lair:4   | Reached skill level 1 in Invocations
 16896 | Lair:4   | Reached skill level 2 in Invocations
 16972 | Lair:4   | Reached skill level 9 in Armour
 17156 | Lair:4   | Reached skill level 3 in Invocations
 17684 | Lair:5   | Entered Level 5 of the Lair of Beasts
 17685 | Lair:5   | Identified 2 scrolls of enchant weapon
 17686 | Lair:5   | Identified a scroll of amnesia
 17687 | Lair:5   | Identified a scroll of torment
 17728 | Lair:5   | Found a staircase to the Slime Pits.
 17775 | Lair:5   | Noticed Josephine
 17784 | Lair:5   | Killed Josephine
 17785 | Lair:5   | Reached skill level 4 in Invocations
 17840 | Lair:5   | Reached skill level 10 in Armour
 17924 | Lair:5   | Reached skill level 5 in Invocations
 18366 | Lair:5   | Reached XP level 15. HP: 92/115 MP: 24/24
 18377 | Lair:5   | Reached skill level 6 in Invocations
 18611 | Lair:5   | Reached skill level 11 in Armour
 18967 | Lair:5   | Reached skill level 12 in Armour
 19108 | Lair:5   | Identified 3 scrolls of immolation
 19109 | Lair:5   | Identified a scroll of fog
 19523 | D:12     | Found the +18 Lear's hauberk
 19708 | D:12     | Identified a scroll of revelation
 20098 | D:12     | Found a staircase to the Orcish Mines.
 20219 | Orc:1    | Entered Level 1 of the Orcish Mines
 20231 | Orc:1    | Reached skill level 11 in Fighting
 20365 | Orc:2    | Entered Level 2 of the Orcish Mines
 20430 | Orc:2    | Reached skill level 12 in Fighting
 20461 | Orc:2    | Slain by a two-headed ogre

Illustrated notes

Levels and vault maps discovered:
D:1:      saegor_arrival_simple_b, layout_basic, item_on_display_a
D:2:      minmay_wonky_spiral, layout_rooms, minmay_vboxes
D:3:      layout_rooms
D:4:      layout_basic
D:5:      layout_basic, kennysheep_little_box, minmay_temple_entry_grid,
          uniq_edmund
D:6:      layout_basic, minmay_starry_boxes
D:7:      bobbens_index_wilting_gardens, layout_layer_cave,
          mainiacjoe_overflow_small_starburst, lemuel_tele_altar, serial_shops,
          shop
D:8:      layout_basic, lemuel_round_altar,
          mainiacjoe_overflow_concentric_impassable, serial_shops,
          nicolae_shop_window_shopping, serial_demonic, serial_demonic_d,
          serial_demonic_b, serial_demonic_d, serial_demonic_g
D:9:      layout_cross, hellmonk_lair_entry_icy, minmay_checkerbox
D:10:     layout_layer_cave, kennysheep_mini, enter_bailey_2
D:11:     layout_stronghold, biasface_ghost_orc_armoury, uniq_snorg
D:12:     layout_loops_ring, minmay_orc_entry_guard_dogs, chequers_jeans,
          hellmonk_guarded_unrand_lears
D:13:     layout_irregular_city, uniq_nessos
Temple:   nicolae_temple_elliptical
Lair:1:   beast_lair_carwin_large_1, layout_gridlike
Lair:2:   layout_regular_city, elwin_shoals_entry_rooms, basic_altar,
          lemuel_fruit_tree
Lair:3:   nzn_winding_woodlands_cross [nzn_winding_woodlands_5x15_crooked,
          nzn_winding_woodlands_5x15_sidewinder,
          nzn_winding_woodlands_5x15_pockets, nzn_winding_woodlands_5x15_twine,
          nzn_winding_woodlands_15x15_killbox], layout_regular_city,
          nicolae_snake_entry_squirm, small_statue_intersection
Lair:4:   layout_regular_city, chequers_serial_rivers_small_b,
          hangedman_lair_generics_rect, grunt_megastairs_1,
          infiniplex_staircase_pool_2
Lair:5:   grunt_lair_end_beastmaster, layout_gridlike, slime_entry_1,
          gauntlet_entry_generic, serial_bayou_shore_b, grunt_megastairs_3,
          infiniplex_staircase_pool, uniq_josephine
Orc:1:    orc_temple, layout_caves, serial_shops, shop, mines2_david
Orc:2:    st_orc_ogre_mass, layout_caves, serial_shops,
          nicolae_shop_rolling_square, mines5_lemuel

Skill      XL: |  1  2  3  4  5  6  7  8  9 10 11 12 13 14 15 |
---------------+----------------------------------------------+-----
Maces & Flails | 3 4 5 7 8 10 12 14 | 14.4
Armour         | 2 6 8 10 12 | 12.0
Fighting       | 3 7 10 12 | 12.4
Throwing       | 5 11 12 | 12.0
Spellcasting   | 3 6 |  6.0
Necromancy     | 4 6 |  6.0
Invocations    | 5 6 |  6.0
Dodging        | |  2.9

Action                     |  1- 3 |  4- 6 |  7- 9 | 10-12 | 13-15 || total
---------------------------+-------+-------+-------+-------+-------++-------
  Melee: Flail             |   136 |   163 |   401 |   803 |  1323 ||  2826
         Whip              |     3 |    80 |       |       |       ||    83
  Throw: Javelin           |     1 |       |     1 |       |       ||     2
         Dart              |       |    18 |    11 |    29 |    23 ||    81
         Throwing net      |       |       |     1 |       |     1 ||     2
   Cast: Vampiric Draining |       |       |       |       |     2 ||     2
 Invoke: Slouch            |       |       |       |       |     2 ||     2
  Evoke: Wand              |       |       |     4 |       |       ||     4
    Use: Potion            |       |     4 |     3 |       |     4 ||    11
         Scroll            |       |       |       |    19 |    11 ||    30
   Stab: Sleeping          |     1 |       |       |       |       ||     1
         Held in net/web   |       |       |     3 |       |     1 ||     4
         Petrified         |       |       |       |       |    13 ||    13
         Petrifying        |       |       |       |       |     2 ||     2
 Armour: Leather armour    |    89 |    59 |    36 |       |       ||   184
         Scale mail        |       |       |   107 |   295 |       ||   402
         Plate armour      |       |       |       |    77 |   454 ||   531
         Chain mail        |       |       |       |       |    86 ||    86
  Dodge: Dodged            |   100 |    64 |    95 |   246 |   263 ||   768

Table legend: (Time is in decaauts)
 A = Elapsed time spent in this place.
 B = Non-inter-level travel time spent in this place.
 C = Inter-level travel time spent in this place.
 D = Time resting spent in this place.
 E = Time spent auto-exploring this place.
 F = Levels seen in this place.
 G = Mean time per level.
                   A        B        C        D        E       F      G
               +--------+--------+--------+--------+--------+-----+--------+
         Total |  28130 |  26627 |   1503 |   3394 |  18676 |  21 | 1339.5 |
       Dungeon |  17156 |  16180 |    976 |   2071 |  11408 |  13 | 1319.7 |
        Temple |     23 |      4 |     19 |      0 |      0 |   1 |   23.0 |
          Lair |  10615 |  10133 |    482 |   1320 |   7052 |   5 | 2123.0 |
  Orcish Mines |    334 |    308 |     26 |      2 |    216 |   2 |  167.0 |
               +--------+--------+--------+--------+--------+-----+--------+

Top non-repeatable levels by time:
     D:7: 2679 daAuts
    D:10: 2524 daAuts
  Lair:3: 2498 daAuts
  Lair:5: 2199 daAuts
  Lair:4: 2182 daAuts
    D:11: 2065 daAuts
  Lair:2: 1899 daAuts
  Lair:1: 1835 daAuts
     D:5: 1597 daAuts
    D:12: 1385 daAuts
     D:9: 1268 daAuts
     D:8: 1069 daAuts
     D:4: 1027 daAuts
     D:2: 959 daAuts
     D:1: 913 daAuts
